 Seeded DCSS version 0.27-a0-1299-g1ab19c6527 (webtiles) character file.

Game seed: 20210614 (custom seed)

44 Snicker the Sneak (level 3, -3/16 HPs)
             Began as a Spriggan Enchanter on June 14, 2021.
             Slain by a wyvern zombie (4 damage)
             ... on level 3 of the Dungeon on June 16, 2021.
             The game lasted 00:05:42 (1918 turns).

Snicker the Sneak (Spriggan Enchanter)              Turns: 1918, Time: 00:05:43

Health: -3/16      AC:  9    Str:  5    XL:     3   Next: 39%
Magic:  3/8        EV: 18    Int: 16    God:
Gold:   41         SH:  0    Dex: 21    Spells: 4/7 levels left

rFire    . . .     SeeInvis +   d - +1 short sword (protect)
rCold    . . .     Faith    .   (shield restricted)
rNeg     . . .     Spirit   .   b - +0 robe
rPois    .         Reflect  .   (helmet restricted)
rElec    .         Harm     .   (no cloak)
rCorr    .         Rampage  .   (gloves unavailable)
Will     .....                  (boots unavailable)
Stlth    ++++......             (no amulet)
HPRegen  0.05/turn              h - +6 ring of dexterity
MPRegen  0.11/turn              (no ring)

@: under a protective aura, very quick
A: very small, no large weapons, unfitting armour, see invisible, speed 3
a: no special abilities


You were on level 3 of the Dungeon.
You visited 1 branch of the dungeon, and saw 3 of its levels.

You collected 41 gold pieces.

Inventory:

Hand Weapons
 a - a +1 dagger
 d - a +1 short sword of protection (weapon)
Armour
 b - a +0 robe (worn)
Jewellery
 h - a +6 ring of dexterity (left hand)
Scrolls
 c - a scroll of vulnerability {unknown}
 f - a scroll of enchant armour {unknown}
 g - a scroll of fear {unknown}
Potions
 e - a potion of berserk rage {unknown}
 i - a potion of flight {unknown}


   Skills:
 * Level 1.8 Short Blades
 - Level 2.6 Dodging
 * Level 6.4 Stealth
 - Level 2.6 Spellcasting
 - Level 3.6 Hexes
 + Level 0.3 Ice Magic


You had 4 spell levels left.
You knew the following spells:

 Your Spells              Type           Power      Damage    Failure   Level
a - Corona                Hex            14%        N/A       4%          1
b - Ensorcelled Hibernat  Hex/Ice        16%        N/A       13%         2

Your spell library contained the following spells:

 Spells                   Type           Power      Damage    Failure   Level
 Confusing Touch          Hex            13%        N/A       13%         3
 Tukima's Dance           Hex            13%        N/A       13%         3
 Animate Skeleton         Necr           4%         N/A       19%         1
 Pain                     Necr           8%         1d4       19%         1
 Dazzling Flash           Conj/Hex       14%        N/A       28%         3
 Vampiric Draining        Necr           1%         2d6       50%         3
 Animate Dead             Necr           1%         N/A       88%         4
 Agony                    Necr           2%         N/A       99%         5


Dungeon Overview and Level Annotations

Branches:
Dungeon (3/15)

Altars:

Shops:
D:2 *   D:3 *


Innate Abilities, Weirdness & Mutations

You are very small and have problems with some larger weapons.
You are too small for most types of armour.
You have supernaturally acute eyesight. (SInv)
You cover ground extremely quickly. (Speed+++)


Message History

You hit the jackal.
You kill the jackal!
You barely miss the wyvern zombie.
The wyvern zombie completely misses you.
The wyvern zombie barely misses you.
You hit the wyvern zombie.
The wyvern zombie is lightly damaged.
The wyvern zombie bites you.
You barely miss the wyvern zombie.
The wyvern zombie is lightly damaged.
The wyvern zombie bites you but does no damage.
You hit the wyvern zombie.
The wyvern zombie is lightly damaged.
The wyvern zombie completely misses you.
The wyvern zombie misses you.
You hit the wyvern zombie.
The wyvern zombie is lightly damaged.
The wyvern zombie closely misses you.
You barely miss the wyvern zombie.
The wyvern zombie is lightly damaged.
The wyvern zombie bites you.
You hit the wyvern zombie but do no damage.
The wyvern zombie is lightly damaged.
The wyvern zombie closely misses you.
You hit the wyvern zombie but do no damage.
The wyvern zombie is lightly damaged.
The wyvern zombie bites you but does no damage.
The wyvern zombie misses you.
You hit the wyvern zombie.
The wyvern zombie is lightly damaged.
The wyvern zombie closely misses you.
You hit the wyvern zombie but do no damage.
The wyvern zombie is lightly damaged.
The wyvern zombie bites you!
Ouch! That really hurt!
* * * LOW HITPOINT WARNING * * *
You hit the wyvern zombie.
The wyvern zombie is moderately damaged.
The wyvern zombie bites you.
You die...

######### #.......#
#.......# #.......#
########### #.......#
..........# #.......#
..........####.......#
.>........'Z@'.......#
.h........####.......#
..........# #.......#
..........# ####.####
..........#######.####
.....................+
...J......######...###
..#..###### #.#.###
#.#...


You could see a wyvern zombie.

Vanquished Creatures
  A worm (D:2)
  A dart slug (D:2)
  3 ball pythons
  6 endoplasms
  2 giant cockroaches
  3 goblins
  A hobgoblin (D:1)
  4 jackals (D:3)
  4 kobolds
  3 quokkas
  A frilled lizard (D:2)
  5 rats
34 creatures vanquished.

Notes
Turn   | Place    | Note
-------+----------+-------------------------------------------
     0 | D:1      | Snicker the Spriggan Enchanter began the quest for the Orb.
     0 | D:1      | Reached XP level 1. HP: 9/9 MP: 5/5
   289 | D:1      | Reached skill level 5 in Stealth
   491 | D:1      | Reached XP level 2. HP: 13/13 MP: 6/6
   494 | D:1      | Learned a level 2 spell: Ensorcelled Hibernation
  1155 | D:2      | Found Edoguso's General Store.
  1360 | D:2      | Reached skill level 6 in Stealth
  1558 | D:2      | Reached XP level 3. HP: 12/16 MP: 2/8
  1738 | D:2      | Upgraded the game from 0.27-a0-1287-gca74d27db6 to
                  | 0.27-a0-1299-g1ab19c6527
  1822 | D:3      | Found Vuled's General Store.
  1918 | D:3      | Slain by a wyvern zombie

Illustrated notes

Levels and vault maps discovered:
D:1:      ebering_trefoil_3fold, layout_basic
D:2:      layout_rooms, serial_shops, shop, minmay_misc_feat_columns,
          lemuel_another_geyser
D:3:      layout_basic, serial_shops, nicolae_shop_statue_plus, minmay_between

Skill      XL: |  1  2 |
---------------+-------+-----
Stealth        | 5 6 |  6.4
Short Blades   | |  1.8
Dodging        | |  2.6
Spellcasting   | |  2.6
Hexes          | |  3.6
Ice Magic      | |  0.3

Action                   || total
-------------------------++-------
Melee: Short sword       ||   103
 Cast: Ensorcelled Hiber ||    13
 Stab: Sleeping          ||    13
Armor: Robe              ||    15
Dodge: Dodged            ||    70

Table legend: (Time is in decaauts)
 A = Elapsed time spent in this place.
 B = Non-inter-level travel time spent in this place.
 C = Inter-level travel time spent in this place.
 D = Time resting spent in this place.
 E = Time spent auto-exploring this place.
 F = Levels seen in this place.
 G = Mean time per level.
                   A        B        C        D        E       F      G
               +--------+--------+--------+--------+--------+-----+--------+
         Total |   1558 |   1536 |     22 |    375 |    894 |   3 |  519.3 |
       Dungeon |   1558 |   1536 |     22 |    375 |    894 |   3 |  519.3 |
               +--------+--------+--------+--------+--------+-----+--------+

Top non-repeatable levels by time:
     D:2: 777 daAuts
     D:1: 703 daAuts
     D:3: 77 daAuts
